| TOP OF THE 1ST |
|
Colorado Springs Sky Sox batting - Pitching for Memphis Redbirds : RHP Paul Schwartz
|
|
Pitching: RHP Paul Schwartz
|
|
|
Batting: LHB Steve Gilliam
|
0-0: Ball 1-0: DOUBLE (Groundball, 5L, EV 107.5 MPH)
|
|
Batting: RHB Juan Figueroa
|
0-0: Ball 1-0: Called Strike 1-1: Ball 2-1: Foul Ball, location: 2F 2-2: Foul Ball, location: 2F 2-2: Strikes out swinging
|
|
Batting: RHB Maurice Moore
|
0-0: Foul Ball, location: 2F 0-1: DOUBLE (Line Drive, 9LM, EV 111.9 MPH) Steve Gilliam scores
|
|
Batting: LHB Michael Krott
|
0-0: Ball 1-0: Ground out U3 (Groundball, 34, EV 81.9 MPH) Maurice Moore to third
|
|
Batting: RHB Mike McElroy
|
0-0: Called Strike 0-1: Ball 1-1: Foul Ball, location: 2F 1-2: Ball 2-2: Ground out U3 (Groundball, 3, EV 96.9 MPH)
|
| Top of the 1st over - 1 run, 2 hits, 0 errors, 1 left on base; Colorado Springs 1 - Memphis 0 |
| BOTTOM OF THE 1ST |
|
Memphis Redbirds batting - Pitching for Colorado Springs Sky Sox : LHP Cooper Bate
|
|
Pitching: LHP Cooper Bate
|
|
|
Batting: LHB Adam Eisen
|
0-0: SINGLE (Groundball, 25, EV 70.0 MPH) (infield hit)
|
|
Batting: SHB Dan Lash
|
0-0: Ball 1-0: Foul Ball, location: 2F 1-1: SINGLE (Line Drive, 4MD, EV 99.4 MPH) Adam Eisen to second Runner from 2nd tries for 3rd, SAFE, throw by CF made to third
|
|
Batting: RHB Jeff Brower
|
0-0: Grounds into double play, 6-4-3 (Groundball, 6, EV 88.1 MPH) Adam Eisen scores
|
|
Batting: RHB Danny Gallo
|
0-0: Reached on error, E6 (Groundball, 6M, EV 90.0 MPH)
|
|
Batting: RHB Fabrice Bertin
|
0-0: Called Strike 0-1: Ground out 6-3 (Groundball, 6, EV 86.2 MPH)
|
| Bottom of the 1st over - 1 run, 2 hits, 1 error, 1 left on base; Colorado Springs 1 - Memphis 1 |
| TOP OF THE 2ND |
|
Colorado Springs Sky Sox batting - Pitching for Memphis Redbirds : RHP Paul Schwartz
|
|
Batting: SHB Bobby Santor
|
0-0: Foul Ball, location: 2F 0-1: Called Strike 0-2: Ball 1-2: Ground out 4-3 (Groundball, 4, EV 84.4 MPH)
|
|
Batting: RHB Eduardo Camacho
|
0-0: Ball 1-0: Foul Ball, location: 2F 1-1: SINGLE (Groundball, 4MD, EV 110.0 MPH)
|
|
Batting: RHB John Boyer
|
0-0: Swinging Strike 0-1: Ball 1-1: Ball 2-1: Foul Ball, location: 2F 2-2: Strikes out swinging
|
|
Batting: SHB Jamie Mims
|
0-0: Called Strike 0-1: Ball 1-1: Ball 2-1: Foul Ball, location: 2F 2-2: Fly out, F7 (Flyball, 7S, EV 86.9 MPH)
|
| Top of the 2nd over - 0 runs, 1 hit, 0 errors, 1 left on base; Colorado Springs 1 - Memphis 1 |
| BOTTOM OF THE 2ND |
|
Memphis Redbirds batting - Pitching for Colorado Springs Sky Sox : LHP Cooper Bate
|
|
Batting: LHB Colin Worthington
|
0-0: Called Strike 0-1: Foul Ball, location: 2F 0-2: Ball 1-2: Ball 2-2: Ball 3-2: Strikes out swinging
|
|
Batting: RHB Jose Rivera
|
0-0: Called Strike 0-1: Called Strike 0-2: Strikes out swinging
|
|
Batting: LHB Ronnie Ashley
|
0-0: Ball 1-0: Foul Ball, location: 2F 1-1: Ball 2-1: Ball 3-1: Called Strike 3-2: Base on Balls
|
|
Batting: LHB John Bailey
|
0-0: Ball 1-0: Ball 2-0: Ball 3-0: Base on Balls Ronnie Ashley to second
|
|
Batting: LHB Adam Eisen
|
0-0: Called Strike 0-1: Ground out U3 (Groundball, 3, EV 104.4 MPH)
|
| Bottom of the 2nd over - 0 runs, 0 hits, 0 errors, 2 left on base; Colorado Springs 1 - Memphis 1 |
| TOP OF THE 3RD |
|
Colorado Springs Sky Sox batting - Pitching for Memphis Redbirds : RHP Paul Schwartz
|
|
Batting: LHB Steve Gilliam
|
0-0: Called Strike 0-1: Foul Ball, location: 2F 0-2: Ball 1-2: Foul Ball, location: 2F 1-2: Foul Ball, location: 2F 1-2: Strikes out swinging
|
|
Batting: RHB Juan Figueroa
|
0-0: Ball 1-0: Fly out, F7 (Flyball, 7LS, EV 86.9 MPH)
|
|
Batting: RHB Maurice Moore
|
0-0: Ground out 6-3 (Groundball, 6, EV 88.8 MPH)
|
| Top of the 3rd over - 0 runs, 0 hits, 0 errors, 0 left on base; Colorado Springs 1 - Memphis 1 |
| BOTTOM OF THE 3RD |
|
Memphis Redbirds batting - Pitching for Colorado Springs Sky Sox : LHP Cooper Bate
|
|
Batting: SHB Dan Lash
|
0-0: Called Strike 0-1: Foul Ball, location: 2F 0-2: Foul Ball, location: 2F 0-2: Ball 1-2: Foul Ball, location: 2F 1-2: Ball 2-2: Strikes out swinging
|
|
Batting: RHB Jeff Brower
|
0-0: Ground out 6-3 (Groundball, 6, EV 86.2 MPH)
|
|
Batting: RHB Danny Gallo
|
0-0: Ball 1-0: Ball 2-0: Swinging Strike 2-1: Swinging Strike 2-2: SINGLE (Groundball, 6MD, EV 106.9 MPH)
|
|
Batting: RHB Fabrice Bertin
|
0-0: DOUBLE (Line Drive, 5D, EV 94.4 MPH) Danny Gallo to third
|
|
Batting: LHB Colin Worthington
|
0-0: Ball 1-0: Swinging Strike 1-1: SINGLE (Groundball, 4S, EV 75.0 MPH) (infield hit) Danny Gallo scores Fabrice Bertin to third
|
|
Batting: RHB Jose Rivera
|
0-0: Ball Wild Pitch! Fabrice Bertin scores Colin Worthington to second 1-0: 2-RUN HOME RUN (Flyball, 7D, EV 98.8 MPH), Distance : 383 ft
|
|
Batting: LHB Ronnie Ashley
|
0-0: Ball 1-0: Ball 2-0: Foul Ball, location: 2F 2-1: Foul Ball, location: 2F 2-2: DOUBLE (Line Drive, 78XD, EV 107.5 MPH)
|
|
Batting: LHB John Bailey
|
0-0: Called Strike 0-1: Called Strike 0-2: Ball 1-2: Ball 2-2: Ground out U3 (Groundball, 3L, EV 91.2 MPH)
|
| Bottom of the 3rd over - 4 runs, 5 hits, 0 errors, 1 left on base; Colorado Springs 1 - Memphis 5 |
| TOP OF THE 4TH |
|
Colorado Springs Sky Sox batting - Pitching for Memphis Redbirds : RHP Paul Schwartz
|
|
Batting: LHB Michael Krott
|
0-0: Foul Ball, location: 2F 0-1: Ball 1-1: Called Strike 1-2: Strikes out swinging
|
|
Batting: RHB Mike McElroy
|
0-0: Called Strike 0-1: Swinging Strike 0-2: Ball 1-2: Foul Ball, location: 2F 1-2: SINGLE (Groundball, 4M, EV 85.0 MPH) (infield hit)
|
|
Batting: SHB Bobby Santor
|
0-0: Called Strike 0-1: Called Strike 0-2: Foul Ball, location: 2F 0-2: Ball 1-2: Fielders Choice at 2nd, 6-4 (Groundball, 6, EV 84.4 MPH)
|
|
Batting: RHB Eduardo Camacho
|
0-0: Foul Ball, location: 2F 0-1: Foul Ball, location: 2F 0-2: Ball 1-2: 2-RUN HOME RUN (Line Drive, 7D, EV 100.6 MPH), Distance : 377 ft
|
|
Batting: RHB John Boyer
|
0-0: Foul Ball, location: 2F 0-1: Foul Ball, location: 2F 0-2: Foul Ball, location: 2F 0-2: Ball 1-2: Strikes out swinging
|
| Top of the 4th over - 2 runs, 2 hits, 0 errors, 0 left on base; Colorado Springs 3 - Memphis 5 |
| BOTTOM OF THE 4TH |
|
Memphis Redbirds batting - Pitching for Colorado Springs Sky Sox : LHP Cooper Bate
|
|
Batting: LHB Adam Eisen
|
0-0: Ground out 4-3 (Groundball, 4, EV 103.1 MPH)
|
|
Batting: SHB Dan Lash
|
0-0: Called Strike 0-1: Ball 1-1: Swinging Strike 1-2: Ball 2-2: Fly out, F8 (Flyball, 8RM, EV 95.6 MPH)
|
|
Batting: RHB Jeff Brower
|
0-0: Called Strike 0-1: Ball 1-1: Ball 2-1: Ball 3-1: DOUBLE (Groundball, 5L, EV 96.9 MPH)
|
|
Pitching: RHP Zach Sommer
|
|
|
Batting: RHB Danny Gallo
|
0-0: Swinging Strike 0-1: Foul Ball, location: 2F 0-2: Foul Ball, location: 2F 0-2: Ball 1-2: Fly out, F9 (Flyball, 89M, EV 85.0 MPH)
|
| Bottom of the 4th over - 0 runs, 1 hit, 0 errors, 1 left on base; Colorado Springs 3 - Memphis 5 |
| TOP OF THE 5TH |
|
Colorado Springs Sky Sox batting - Pitching for Memphis Redbirds : RHP Paul Schwartz
|
|
Batting: SHB Jamie Mims
|
0-0: Called Strike 0-1: Ball 1-1: Foul Ball, location: 2F 1-2: Ground out 4-3 (Groundball, 4M, EV 86.2 MPH)
|
|
Batting: LHB Steve Gilliam
|
0-0: Fly out, F9 (Flyball, 9, EV 91.2 MPH)
|
|
Batting: RHB Juan Figueroa
|
0-0: Ball 1-0: Fly out, F8 (Flyball, 89M, EV 89.4 MPH)
|
| Top of the 5th over - 0 runs, 0 hits, 0 errors, 0 left on base; Colorado Springs 3 - Memphis 5 |
| BOTTOM OF THE 5TH |
|
Memphis Redbirds batting - Pitching for Colorado Springs Sky Sox : RHP Zach Sommer
|
|
Batting: RHB Fabrice Bertin
|
0-0: Ball 1-0: Foul Ball, location: 2F 1-1: Foul Ball, location: 2F 1-2: Foul Ball, location: 2F 1-2: Ball 2-2: Ball 3-2: Base on Balls
|
|
Batting: LHB Colin Worthington
|
0-0: Foul Ball, location: 2F 0-1: Ball 1-1: Ball 2-1: Swinging Strike 2-2: Foul Ball, location: 2F 2-2: Foul Ball, location: 2F 2-2: Fly out, F8 (Flyball, 8RM, EV 87.5 MPH)
|
|
Batting: RHB Jose Rivera
|
0-0: Ball 1-0: Fly out, F4 (Popup, 4M, EV 70.0 MPH)
|
|
Batting: LHB Ronnie Ashley
|
0-0: Foul Ball, location: 2F 0-1: Ball Pickoff Throw to First - Out! 1-3
|
| Bottom of the 5th over - 0 runs, 0 hits, 0 errors, 0 left on base; Colorado Springs 3 - Memphis 5 |
| TOP OF THE 6TH |
|
Colorado Springs Sky Sox batting - Pitching for Memphis Redbirds : RHP Paul Schwartz
|
|
Batting: RHB Maurice Moore
|
0-0: Ground out 5-3 (Groundball, 5, EV 82.5 MPH)
|
|
Batting: LHB Michael Krott
|
0-0: Ball 1-0: Called Strike 1-1: Foul Ball, location: 2F 1-2: Foul Ball, location: 2F 1-2: Strikes out swinging
|
|
Batting: RHB Mike McElroy
|
0-0: Foul Ball, location: 2F 0-1: Foul Ball, location: 2F 0-2: Strikes out looking
|
| Top of the 6th over - 0 runs, 0 hits, 0 errors, 0 left on base; Colorado Springs 3 - Memphis 5 |
| BOTTOM OF THE 6TH |
|
Memphis Redbirds batting - Pitching for Colorado Springs Sky Sox : RHP Zach Sommer
|
|
Batting: LHB Ronnie Ashley
|
0-0: Called Strike 0-1: Called Strike 0-2: Ball 1-2: Foul Ball, location: 2F 1-2: Ball 2-2: TRIPLE (Flyball, 89XD, EV 100.0 MPH)
|
|
Batting: LHB John Bailey
|
0-0: Ball 1-0: Ball 2-0: Fly out, F7 (Flyball, 78M, EV 81.2 MPH)
|
|
Batting: LHB Adam Eisen
|
0-0: Called Strike 0-1: Ball 1-1: Ball 2-1: Swinging Strike 2-2: Foul Ball, location: 2F 2-2: Strikes out swinging
|
|
Batting: SHB Dan Lash
|
0-0: Called Strike 0-1: Ball 1-1: Foul Ball, location: 2F 1-2: Ball 2-2: Ground out 5-3 (Groundball, 5, EV 90.0 MPH)
|
| Bottom of the 6th over - 0 runs, 1 hit, 0 errors, 1 left on base; Colorado Springs 3 - Memphis 5 |
| TOP OF THE 7TH |
|
Colorado Springs Sky Sox batting - Pitching for Memphis Redbirds : RHP Paul Schwartz
|
|
Batting: SHB Bobby Santor
|
0-0: Called Strike 0-1: Foul Ball, location: 2F 0-2: Ball 1-2: Foul Ball, location: 2F 1-2: Ball 2-2: Ball 3-2: Foul Ball, location: 2F 3-2: Foul Ball, location: 2F 3-2: Strikes out looking
|
|
Batting: RHB Eduardo Camacho
|
0-0: Swinging Strike 0-1: SINGLE (Groundball, 4MD, EV 101.9 MPH)
|
|
Batting: RHB John Boyer
|
0-0: Grounds into double play, 5-4-3 (Groundball, 5, EV 85.6 MPH)
|
| Top of the 7th over - 0 runs, 1 hit, 0 errors, 0 left on base; Colorado Springs 3 - Memphis 5 |
| BOTTOM OF THE 7TH |
|
Memphis Redbirds batting - Pitching for Colorado Springs Sky Sox : RHP Zach Sommer
|
|
Pitching: RHP Mike Clark
|
|
|
Batting: RHB Jeff Brower
|
0-0: SINGLE (Flyball, 3D, EV 89.4 MPH)
|
|
Batting: RHB Danny Gallo
|
0-0: Ball 1-0: Swinging Strike 1-1: Foul Ball, location: 2F 1-2: Foul Ball, location: 2F 1-2: Foul Ball, location: 2F 1-2: Fly out, F7 (Line Drive, 7, EV 94.4 MPH)
|
|
Batting: RHB Fabrice Bertin
|
0-0: Called Strike 0-1: Called Strike Jeff Brower steals 2nd base 0-2: Ball 1-2: SINGLE (Groundball, 4MD, EV 106.2 MPH) Jeff Brower to third
|
|
Batting: LHB Colin Worthington
|
0-0: Foul Ball, location: 2F 0-1: Called Strike 0-2: Ball 1-2: Ball 2-2: Ball 3-2: Base on Balls Fabrice Bertin to second
|
|
Batting: RHB Jose Rivera
|
0-0: Called Strike 0-1: Grounds into fielders choice U2 (Groundball, 2L, EV 64.4 MPH) Fabrice Bertin to third Colin Worthington to second
|
|
Batting: LHB Ronnie Ashley
|
0-0: Called Strike 0-1: Swinging Strike 0-2: Ball 1-2: Ball 2-2: Ball 3-2: Foul Ball, location: 2F 3-2: Base on Balls Fabrice Bertin scores Colin Worthington to third Jose Rivera to second
|
|
Batting: LHB John Bailey
|
0-0: Ball 1-0: Called Strike 1-1: Called Strike 1-2: Ball 2-2: Ball 3-2: Foul Ball, location: 2F 3-2: Base on Balls Colin Worthington scores Jose Rivera to third Ronnie Ashley to second
|
|
Pitching: LHP Bill Ogren
|
|
|
Batting: LHB Adam Eisen
|
0-0: Foul Ball, location: 2F 0-1: Called Strike 0-2: Strikes out looking
|
| Bottom of the 7th over - 2 runs, 2 hits, 0 errors, 3 left on base; Colorado Springs 3 - Memphis 7 |
| TOP OF THE 8TH |
|
Colorado Springs Sky Sox batting - Pitching for Memphis Redbirds : RHP Paul Schwartz
|
|
Batting: SHB Jamie Mims
|
0-0: Ball 1-0: Swinging Strike 1-1: Ball 2-1: Called Strike 2-2: Ball 3-2: Ground out 2-3 (Groundball, 15S, EV 68.8 MPH)
|
|
Pitching: RHP Roberto Duron
|
|
|
Batting: LHB Steve Gilliam
|
0-0: Swinging Strike 0-1: Foul Ball, location: 2F 0-2: Ball 1-2: Ball 2-2: Ball 3-2: Base on Balls
|
|
Batting: RHB Juan Figueroa
|
0-0: Called Strike 0-1: Foul Ball, location: 2F 0-2: Strikes out swinging
|
|
Batting: RHB Maurice Moore
|
0-0: Called Strike 0-1: Ball 1-1: Ball 2-1: Foul Ball, location: 2F 2-2: Foul Ball, location: 2F 2-2: DOUBLE (Line Drive, 8RD, EV 99.4 MPH) Steve Gilliam to third Runner from 3rd tries for Home, SAFE, throw by CF to trailing runner, SAFE at third!
|
|
Batting: LHB Michael Krott
|
0-0: Foul Ball, location: 2F 0-1: Foul Ball, location: 2F 0-2: Ball 1-2: Foul Ball, location: 2F 1-2: Foul Ball, location: 2F 1-2: Strikes out swinging
|
| Top of the 8th over - 1 run, 1 hit, 0 errors, 1 left on base; Colorado Springs 4 - Memphis 7 |
| BOTTOM OF THE 8TH |
|
Memphis Redbirds batting - Pitching for Colorado Springs Sky Sox : LHP Bill Ogren
|
|
Batting: SHB Dan Lash
|
0-0: Foul Ball, location: 2F 0-1: Ball 1-1: Foul Ball, location: 2F 1-2: Strikes out swinging
|
|
Batting: RHB Jeff Brower
|
0-0: Ball 1-0: Ball 2-0: Swinging Strike 2-1: Foul Ball, location: 2F 2-2: Foul Ball, location: 2F 2-2: Ball 3-2: Strikes out looking
|
|
Batting: RHB Danny Gallo
|
0-0: Foul Ball, location: 2F 0-1: Ball 1-1: Ball 2-1: Ground out 5-3 (Groundball, 5S, EV 86.9 MPH)
|
| Bottom of the 8th over - 0 runs, 0 hits, 0 errors, 0 left on base; Colorado Springs 4 - Memphis 7 |
| TOP OF THE 9TH |
|
Colorado Springs Sky Sox batting - Pitching for Memphis Redbirds : RHP Roberto Duron
|
|
Batting: RHB Mike McElroy
|
0-0: Called Strike 0-1: Ball 1-1: Called Strike 1-2: SOLO HOME RUN (Flyball, 7D, EV 94.4 MPH), Distance : 373 ft
|
|
Batting: SHB Bobby Santor
|
0-0: Foul Ball, location: 2F 0-1: Foul Ball, location: 2F 0-2: Strikes out looking
|
|
Batting: RHB Eduardo Camacho
|
0-0: Ball 1-0: Swinging Strike 1-1: Swinging Strike 1-2: Foul Ball, location: 2F 1-2: Foul Ball, location: 2F 1-2: Ball 2-2: Ball 3-2: Ground out 4-3 (Groundball, 4, EV 107.5 MPH)
|
|
Batting: RHB John Boyer
|
0-0: Ground out 5-3 (Groundball, 5, EV 88.1 MPH)
|
| Top of the 9th over - 1 run, 1 hit, 0 errors, 0 left on base; Colorado Springs 5 - Memphis 7 |
|